AoeStats
← RedPhosphoru

Arabian Desert

509501064Analyzed
1v1 RM · 5d ago on Sep 27, 2026· 34m 19s· 2 players
Game mode
Random Map
Map size
Tiny (2 player)
Population
200
Speed
Normal
Resources
Standard
Victory
Conquest
Starting age
Dark Age
Ending age
Imperial Age
RankedLock teamsTeams togetherTeam positionsShared explorationLock speedFull tech treeHidden civsTurbo modeCheats
Victory
Defeat
🇺🇸 Varangians · United States
2438
+4
🇲🇽 Khmer · Mexico
2082
-4
RedPhosphoru
11:51 Loom
14:14 Feudal Age
14:18 Man-at-Arms
14:47 Double-Bit Axe
17:42 Wheelbarrow
20:50 Castle Age
19:27 Scale Barding Armor
20:41 Bloodlines
20:19 Horse Collar
21:10 Light Cavalry
22:42 Chain Barding Armor
24:09 Forging
28:32 Husbandry
29:11 Iron Casting
Ux'Chimtzin
6:56 Loom
9:29 Feudal Age
16:29 Fletching
22:02 Castle Age
20:08 Double-Bit Axe
22:01 Town Watch
22:09 Gold Mining
23:02 Crossbowman
23:38 Bodkin Arrow
25:41 Scale Barding Armor
31:45 Forging
Connection lost

Rejoining the realm…

Still unreachable

The connection could not be restored.

Session expired

The server has moved on; the page needs a fresh start.